 Dungeon Crawl Stone Soup version 0.19-a0-1920-g83281cb (webtiles) character file.

197 varam the Ruffian (level 5, 50/50 HPs)
             Began as a Troll Monk on Oct 23, 2016.
             Was a Believer of Qazlal.
             Quit the game on level 3 of the Dungeon.
             The game lasted 00:03:14 (2005 turns).

varam the Ruffian (Troll Monk)                      Turns: 2005, Time: 00:03:15

Health: 50/50      AC:  5    Str: 19    XL:     5   Next: 46%
Magic:  4/4        EV: 10    Int:  6    God:    Qazlal [**....]
Gold:   97         SH:  3    Dex: 13    Spells: 0 memorised, 4 levels left

rFire  . . .     SeeInvis .       - Unarmed
rCold  . . .     Gourm    +     a - +0 robe
rNeg   . . .     Faith    .     (no shield)
rPois  .         Spirit   .     (helmet restricted)
rElec  .         Reflect  .     (no cloak)
rCorr  .         Harm     .     (gloves unavailable)
MR     .....                    (boots unavailable)
Stlth  +.........               (no amulet)
                                (no ring)
                                (no ring)

@: no status effects
A: unfitting armour, claws 3, fast metabolism 3, gourmand, regeneration 1,
shaggy fur 1, tough skin 2
a: Upheaval, Renounce Religion


You were on level 3 of the Dungeon.
You worshipped Qazlal.
Qazlal was pleased with you.
You were not hungry.

You visited 1 branch of the dungeon, and saw 4 of its levels.

You collected 97 gold pieces.

Inventory:

Missiles
 d - 78 stones (quivered)
Armour
 a - a +0 robe (worn)
Jewellery
 e - a +2 ring of strength {unknown}
 n - an uncursed ring of poison resistance {unknown}
Scrolls
 c - a scroll of recharging {unknown}
 g - 2 scrolls of fog {unknown}
 j - 2 scrolls of identify {unknown}
 k - a scroll of noise {unknown}
 o - a scroll of magic mapping {unknown}
 p - a scroll of random uselessness {unknown}
 q - 2 scrolls of remove curse {unknown}
 s - a scroll of enchant weapon {unknown}
Potions
 h - a potion of agility {unknown}
 m - a potion of invisibility {unknown}
 r - a potion of degeneration {unknown}
Comestibles
 b - 4 bread rations
 f - 4 fruits
 i - 2 royal jellies
 l - a slice of pizza
 t - a beef jerky


   Skills:
 - Level 2.4 Fighting
 - Level 2.4 Dodging
 - Level 1.0 Stealth
 + Level 6.2 Unarmed Combat


You had 4 spell levels left.
You didn't know any spells.

Dungeon Overview and Level Annotations

Branches:
Dungeon (4/15)
 Temple: D:4-7

Altars:
Qazlal

Annotations:
D:4 Menkaure


Innate Abilities, Weirdness & Mutations

You are too large for most types of armour.
You have claws for hands.
Your metabolism is lightning-fast.
You like to eat raw meat.
Your natural rate of healing is unusually fast.
You are covered in fur. (AC +1)
You have very tough skin. (AC +2)


Message History

There is an open door here.
Done exploring.
Done exploring.
Done exploring.
Search for what [? for help]? altar
There is a faded altar of an unknown god here.
Unknown command.
Press < or > to pray at altars.
There is a faded altar of an unknown god here.
Unknown command.
Press < or > to pray at altars.
Unknown command.
Press < or > to pray at altars.
You cannot tell which god this altar belongs to.
Convert to them anyway?
Qazlal accepts your prayer! Qazlal welcomes you!
You are surrounded by a storm.
You can now call upon nature to destroy your foes.
Qazlal grants you immunity to clouds.
Are you sure you want to abandon this character and quit the game? (Confirm with "yes".)

#........######..# ##
#.##.###.# #..# #.
#.#.#.##.######..####.
#..###................
#.#.#.##.#####.....###
#.##.###.# ##...##
#.#......######..##
#....#...........#
###.#@#.########.#
#..#..# ##'## #.....#
##...## #..#.##
##.....## ##.#.##
##.......##
###....####.......>.#
#...................+
#.##...#.##.........#
#.##..##.###.......##


There were no monsters in sight!

Vanquished Creatures
  An orc priest (D:3)
  Natasha (D:3)
  Robin (D:3)
  4 adders
  A shadow imp (D:3)
  3 worms
  3 dart slugs
  2 leopard geckos
  6 orcs
  3 giant cockroaches
  11 goblins
  6 hobgoblins
  2 quokkas (D:2)
  A ball python (D:1)
  6 bats
  7 frilled lizards
  A jackal skeleton (D:4)
  7 kobolds
  5 rats
71 creatures vanquished.

Notes
Turn   | Place    | Note
-------+----------+-------------------------------------------
     0 | D:1      | varam the Troll Monk began the quest for the Orb.
     0 | D:1      | Reached XP level 1. HP: 22/22 MP: 0/0
   247 | D:1      | Reached XP level 2. HP: 29/29 MP: 1/1
   418 | D:2      | Reached skill level 4 in Unarmed Combat
   487 | D:2      | Reached XP level 3. HP: 36/36 MP: 2/2
  1194 | D:4      | Reached skill level 5 in Unarmed Combat
  1194 | D:4      | Reached XP level 4. HP: 38/44 MP: 3/3
  1198 | D:4      | Noticed a phantom
  1220 | D:4      | Noticed Menkaure
  1518 | D:3      | Noticed Robin
  1527 | D:3      | Killed Robin
  1721 | D:3      | Reached XP level 5. HP: 50/50 MP: 4/4
  1745 | D:3      | Found a faded altar of an unknown god.
  1774 | D:3      | Noticed Natasha
  1783 | D:3      | Killed Natasha
  1808 | D:3      | Reached skill level 6 in Unarmed Combat
  2005 | D:3      | Became a worshipper of Qazlal Stormbringer
  2005 | D:3      | Reached * piety under Qazlal
  2005 | D:3      | Reached ** piety under Qazlal
  2005 | D:3      | Quit the game

Vault maps used:
D:1:      lightli_arrival_noodles, minmay_tetromino_t4
D:2:      first_bread
D:3:      ecumenical_altar_1, hangedman_decor_clover_reticule,
          grunt_ministairs_5, wad_floor_pattern_untrapped, uniq_robin,
          uniq_natasha
D:4:      uniq_menkaure

Skill      XL: |  1  2  3  4  5 |
---------------+----------------+-----
Unarmed Combat | 4 5 6 |  6.2
Fighting       | |  2.4
Dodging        | |  2.4
Stealth        | |  1.0

Action                   |  1- 3 |  4- 6 || total
-------------------------+-------+-------++-------
Melee: Unarmed           |    80 |    70 ||   150
       Punch             |     2 |     2 ||     4
 Stab: Sleeping          |     6 |     2 ||     8
  Eat: Chunk             |     9 |     9 ||    18
Armor: Robe              |    34 |    19 ||    53
Dodge: Dodged            |    42 |    32 ||    74
